 Dungeon Crawl Stone Soup version 0.22.0-13-g43fe8f2 (console) character file.

171 removed the Skirmisher (level 5, -2/47 HPs)
             Began as a Gnoll Abyssal Knight on Aug 16, 2018.
             Was a Believer of Lugonu.
             Killed by nerve-wracking pain
             ... invoked by a shadow imp
              (8 damage)
             ... on level 3 of the Dungeon.
             The game lasted 00:05:24 (2709 turns).

removed the Skirmisher (Gnoll Abyssal Knight)       Turns: 2709, Time: 00:05:27

Health: -2/47      AC:  6    Str: 14    XL:     5   Next: 51%
Magic:  8/8        EV: 13    Int: 16    God:    Lugonu [**....]
Gold:   107        SH:  0    Dex: 14    Spells: 7/7 levels left

rFire    . . .     SeeInvis .   a - +2 spear
rCold    . . .     Gourm    .   (no shield)
rNeg     . . .     Faith    .   d - +0 leather armour (curse)
rPois    .         Spirit   .   z - +0 helmet
rElec    .         Reflect  .   (no cloak)
rCorr    .         Harm     .   (no gloves)
MR       .....                  (no boots)
Stlth    ++........             (no amulet)
HPRegen  0.15/turn              (no ring)
MPRegen  0.11/turn              (no ring)

@: lethally poisoned (-2 -> -4)
A: distributed training, claws 1, fangs 1, thin metallic scales 1, evolution 1,
strong nose
a: Depart the Abyss, Bend Space, Renounce Religion


You were on level 3 of the Dungeon.
You worshipped Lugonu.
Lugonu was pleased with you.
You were not hungry.

You visited 1 branch of the dungeon, and saw 3 of its levels.
You visited the Abyss 1 time.

You collected 107 gold pieces.

Inventory:

Hand Weapons
 a - a +2 spear (weapon)
 b - a +0 trident
 p - a +1 hand axe of holy wrath
 x - a +0 hand axe of flaming
Missiles
 n - 3 curare-tipped needles
Armour
 d - a cursed +0 leather armour (worn)
 k - a +0 ring mail
 r - a +0 leather armour
 z - a +0 helmet (worn)
Scrolls
 m - 2 scrolls of teleportation {unknown}
 o - 5 scrolls of remove curse {unknown}
 s - a scroll of identify {unknown}
 w - a scroll of fear {unknown}
 y - a scroll of noise {unknown}
Potions
 i - 2 potions of mutation
 j - a potion of lignification {unknown}
 q - a potion of resistance {unknown}
 t - a potion of degeneration {unknown}
 v - 2 potions of agility {unknown}
Comestibles
 c - 3 rations
 u - 7 chunks of flesh


   Skills:
 + Level 6.7 Fighting
 + Level 1.5 Short Blades
 + Level 1.5 Long Blades
 + Level 1.5 Axes
 + Level 1.5 Maces & Flails
 + Level 4.8 Polearms
 + Level 1.5 Staves
 + Level 1.5 Slings
 + Level 1.5 Bows
 + Level 1.5 Crossbows
 + Level 1.5 Throwing
 + Level 4.8 Armour
 + Level 3.0 Dodging
 + Level 1.5 Stealth
 + Level 1.5 Shields
 + Level 1.5 Unarmed Combat
 + Level 1.5 Spellcasting
 + Level 1.2 Conjurations
 + Level 1.2 Hexes
 + Level 1.2 Charms
 + Level 1.2 Summonings
 + Level 1.2 Necromancy
 + Level 1.2 Translocations
 + Level 1.2 Transmutations
 + Level 1.2 Fire Magic
 + Level 1.2 Ice Magic
 + Level 1.2 Air Magic
 + Level 1.2 Earth Magic
 + Level 1.2 Poison Magic
 + Level 4.9 Invocations
 + Level 1.5 Evocations


You had 7 spell levels left.
You didn't know any spells.
Your spell library was empty.

Dungeon Overview and Level Annotations

Branches:
Dungeon (3/15)

Altars:
Okawaru
Sif Muna
Vehumet


Innate Abilities, Weirdness & Mutations

Your experience applies equally to all skills.
You have very sharp teeth.
Your uncanny sense of smell can sniff out nearby items.
You have sharp fingernails.
You are partially covered in thin metallic scales. (AC +2)
You evolve.


Message History

The shadow imp is almost dead.
The shadow imp barely misses you.
Unknown command.
You barely miss the shadow imp.
The shadow imp is almost dead.
You feel sick. The shadow imp hits you.
* * * LOW HITPOINT WARNING * * *
Unknown command.
You closely miss the shadow imp.
The shadow imp is almost dead.
The shadow imp hits you but does no damage.
Unknown command.
Enter note: ...
It was a potion of mutation.
You feel extremely strange.
Your fingernails lengthen.
You feel nature experimenting on you.
Don't worry, failures die fast.
Thin metallic scales grow over part of your body.
The shadow imp gestures at you. Pain shoots through your body!
You die...

## .. #.#. .#.#..
......### .. ##......#
##... #.##. #@# # #. #....
#>#.##5##.#### .......
#....g...g..# .#.... ##
##.#..!.....# ..... #.#
##........... #.... #.#
##.#........#. #..#
#.###.#####.....#.####..##
#.#.## ######.........
#.## #.. ..#####.###


You could see a shadow imp and a goblin.

Vanquished Creatures
  A vampire bat (D:3)
  5 adders
  5 worms
  3 dart slugs
  A leopard gecko (D:3)
  5 orcs
  17 bats
  A giant cockroach (D:2)
  7 hobgoblins
  7 frilled lizards
  2 goblins
  6 kobolds
  7 rats
67 creatures vanquished.

Notes
Turn   | Place    | Note
-------+----------+-------------------------------------------
     0 | Abyss:1  | removed the Gnoll Abyssal Knight began the quest for the Orb.
     0 | Abyss:1  | Reached XP level 1. HP: 23/23 MP: 3/3
     0 | D:1      | Escaped the Abyss
   281 | D:1      | Reached XP level 2. HP: 24/29 MP: 5/5
   817 | D:2      | Found a radiant altar of Vehumet.
   883 | D:2      | Reached * piety under Lugonu
   892 | D:2      | Reached XP level 3. HP: 35/35 MP: 6/6
  1068 | D:2      | Found an iron altar of Okawaru.
  1215 | D:2      | Found a deep blue altar of Sif Muna.
  1444 | D:2      | Reached skill level 1 in Short Blades
  1444 | D:2      | Reached skill level 1 in Long Blades
  1444 | D:2      | Reached skill level 1 in Axes
  1444 | D:2      | Reached skill level 1 in Maces & Flails
  1444 | D:2      | Reached skill level 1 in Staves
  1444 | D:2      | Reached skill level 1 in Slings
  1444 | D:2      | Reached skill level 1 in Bows
  1444 | D:2      | Reached skill level 1 in Crossbows
  1444 | D:2      | Reached skill level 1 in Throwing
  1444 | D:2      | Reached skill level 1 in Stealth
  1444 | D:2      | Reached skill level 1 in Shields
  1444 | D:2      | Reached skill level 1 in Unarmed Combat
  1444 | D:2      | Reached skill level 1 in Spellcasting
  1444 | D:2      | Reached skill level 1 in Evocations
  1554 | D:2      | Reached XP level 4. HP: 41/41 MP: 7/7
  1655 | D:3      | Found a deep blue altar of Sif Muna.
  2380 | D:3      | Reached skill level 1 in Conjurations
  2380 | D:3      | Reached skill level 1 in Hexes
  2380 | D:3      | Reached skill level 1 in Charms
  2380 | D:3      | Reached skill level 1 in Summonings
  2380 | D:3      | Reached skill level 1 in Necromancy
  2380 | D:3      | Reached skill level 1 in Translocations
  2380 | D:3      | Reached skill level 1 in Transmutations
  2380 | D:3      | Reached skill level 1 in Fire Magic
  2380 | D:3      | Reached skill level 1 in Ice Magic
  2380 | D:3      | Reached skill level 1 in Air Magic
  2380 | D:3      | Reached skill level 1 in Earth Magic
  2380 | D:3      | Reached skill level 1 in Poison Magic
  2398 | D:3      | Reached XP level 5. HP: 41/47 MP: 8/8
  2410 | D:3      | Reached ** piety under Lugonu
  2709 | D:3      | Gained mutation: You have sharp fingernails. [potion of mutation]
  2709 | D:3      | Gained mutation: You evolve. [potion of mutation]
  2709 | D:3      | Gained mutation: You are partially covered in thin metallic scales. (AC +2) [potion of mutation]
  2709 | D:3      | Killed from afar by a shadow imp

Skill      XL: |  1  2  3  4  5 |
---------------+----------------+-----
Short Blades   | 1 |  1.5
Long Blades    | 1 |  1.5
Axes           | 1 |  1.5
Maces & Flails | 1 |  1.5
Staves         | 1 |  1.5
Slings         | 1 |  1.5
Bows           | 1 |  1.5
Crossbows      | 1 |  1.5
Throwing       | 1 |  1.5
Stealth        | 1 |  1.5
Shields        | 1 |  1.5
Unarmed Combat | 1 |  1.5
Spellcasting   | 1 |  1.5
Evocations     | 1 |  1.5
Conjurations   | 1 |  1.2
Hexes          | 1 |  1.2
Charms         | 1 |  1.2
Summonings     | 1 |  1.2
Necromancy     | 1 |  1.2
Translocations | 1 |  1.2
Transmutations | 1 |  1.2
Fire Magic     | 1 |  1.2
Ice Magic      | 1 |  1.2
Air Magic      | 1 |  1.2
Earth Magic    | 1 |  1.2
Poison Magic   | 1 |  1.2
Dodging        | 3 |  3.0
Fighting       | |  6.7
Polearms       | |  4.8
Armour         | |  4.8
Invocations    | |  4.9

Action                   |  1- 3 |  4- 6 || total
-------------------------+-------+-------++-------
Melee: Spear             |   114 |   156 ||   270
       Bite              |    10 |    10 ||    20
Invok: Depart the Abyss  |     1 |       ||     1
  Use: Scroll            |     2 |       ||     2
       Potion            |       |     1 ||     1
 Stab: Sleeping          |     2 |     1 ||     3
  Eat: Chunk             |     2 |     4 ||     6
Armor: Leather armour    |    11 |    45 ||    56
Dodge: Dodged            |    34 |   113 ||   147
